 Dungeon Crawl Stone Soup version 0.13-a0-2640-geebf78d (webtiles) character file.

145 Rak the Skirmisher (level 3, -1/28 HPs)
             Began as a Demonspawn Abyssal Knight on Aug 6, 2013.
             Was a Follower of Lugonu.
             Slain by a gnoll
             ... wielding a +0,+0 spear
              (2 damage)
             ... on Level 2 of the Dungeon.
             The game lasted 00:09:15 (1798 turns).

Rak the Skirmisher (Demonspawn Abyssal Knight)      Turns: 1798, Time: 00:09:15

HP  -1/28        AC  7     Str 13      XL: 3   Next: 41%
MP   4/4         EV 11     Int 13      God: Lugonu [*.....]
Gold 101         SH  0     Dex 11      Spells:  0 memorised,  2 levels left

Res.Fire  : . . .   See Invis. : .   a - +2 mace
Res.Cold  : . . .   Warding    : .   f - +0 leather armour (curse)
Life Prot.: . . .   Conserve   : .   (no shield)
Res.Poison: .       Res.Corr.  : .   (no helmet)
Res.Elec. : .       Clarity    : .   (no cloak)
Sust.Abil.: . .     Spirit.Shd : .   (no gloves)
Res.Mut.  : .       Rnd.Telep. : +   (no boots)
Res.Rott. : .       Flight     : .   (no amulet)
Saprovore : . . .                    (no ring)
                                     (no ring)

@: not resistant to hostile enchantments, very unstealthy
A: talons 1, teleportitis 1, AC +4, Dex -1
a: Depart the Abyss, Renounce Religion


You were on level 2 of the Dungeon.
You worshipped Lugonu.
Lugonu was most pleased with you.
You were not hungry.

You visited 1 branch of the dungeon, and saw 2 of its levels.
You visited the Abyss 1 time.

You collected 81 gold pieces.

Inventory:

Hand weapons
 a - a +2,+2 mace (weapon)
 e - a +2,+2 hand axe (quivered)
 k - a +1,+1 dwarven dagger
 o - a +0,+0 hand axe
 p - a +0,+0 spear
Armour
 b - a +0 leather armour
 f - a cursed +0 leather armour (worn)
 n - a +0 leather armour
Comestibles
 c - a bread ration
Scrolls
 h - 2 scrolls of identify {unknown}
 l - a scroll of curse armour {unknown}
 q - a scroll of fog {unknown}
Potions
 d - a potion of invisibility {unknown}
 g - a potion of curing {unknown}
 j - a potion of brilliance {unknown}
 m - a potion of might {unknown}


   Skills:
 + Level 3.5 Fighting
 + Level 2.1 Maces & Flails
 + Level 2.2 Armour
 + Level 1.6 Dodging
 + Level 2.5 Invocations


You had 2 spell levels left.
You didn't know any spells.

Dungeon Overview and Level Annotations

Branches:
Dungeon (2/27)

Altars:


Innate Abilities, Weirdness & Mutations

You have sharp toenails.
You are partially covered in rough black scales (AC +4, Dex -1).
Space occasionally distorts in your vicinity.


Message History

The gnoll hits you but does no damage.
You barely miss the ball python. You claw the ball python.
You kill the ball python!
Lugonu accepts your kill.
The giant gecko hisses menacingly.
The giant gecko misses you.
The gnoll hits you from afar with a spear.
* * * LOW HITPOINT WARNING * * *
The gnoll hits you from afar with a spear!
* * * LOW HITPOINT WARNING * * *
The giant gecko bites you but does no damage.
The gnoll hits you but does no damage.
You feel your intelligence returning.
It was a potion of restore abilities.
The giant gecko bites you but does no damage.
The gnoll closely misses you.
The gnoll hits you from afar with a spear.
* * * LOW HITPOINT WARNING * * *
The giant gecko barely misses you.
The gnoll hits you from afar with a spear.
You die...

. #.# ###.#.#
#...#(### ###
#..(((#####...#
#....((.......#
#.....#####...###
####).##.........
#.....(...l......#
#....(...@)g.....#
#.....)...%g......
#..........<......##
#.#.#.####.###....#
....#. #.# ###.# ...
#. #.# . #. #.# #.#
#..


You could see 2 gnolls and a giant gecko.

Vanquished Creatures
  A gnoll (D:2)
  A worm (D:2)
  A ball python (D:2)
  A bat (D:1)
  2 hobgoblins (D:1)
  3 jackals (D:1)
  3 giant cockroaches (D:1)
  3 giant newts (D:1)
  5 goblins
  4 kobolds (D:1)
  6 rats
30 creatures vanquished.

Notes
Turn   | Place    | Note
--------------------------------------------------------------
     0 | Abyss:1  | Rak, the Demonspawn Abyssal Knight, began the quest for the Orb.
     0 | Abyss:1  | Reached XP level 1. HP: 16/16 MP: 1/1
   101 | Abyss:1  | Noticed a neqoxec
   101 | Abyss:1  | Gained mutation: Space occasionally distorts in your vicinity. [a neqoxec]
   111 | Abyss:1  | Noticed a crimson imp
   115 | Abyss:1  | Noticed an iron imp
   115 | D:1      | Escaped the Abyss
   178 | D:1      | Reached skill level 1 in Dodging
   633 | D:1      | Gained mutation: You are partially covered in rough black scales (AC +4, Dex -1). [demonic ancestry]
   633 | D:1      | Reached XP level 2. HP: 19/22 MP: 2/2
  1422 | D:2      | Gained mutation: You have sharp toenails. [demonic ancestry]
  1422 | D:2      | Reached XP level 3. HP: 6/28 MP: 4/4
  1796 | D:2      | HP: 1/28 [gnoll/spear (7)]
  1798 | D:2      | Slain by a gnoll

Action                   || total
-------------------------++-------
Melee: Mace              ||   101
  Use: Potion            ||     1
